 Dungeon Crawl Stone Soup version 0.31.0-1-g2c135a0 (webtiles) character file.

Game seed: 7682370999918072157

2748 jagoly the Basher (level 9, -16/59 HPs)
             Began as a Gargoyle Monk on Feb 1, 2024.
             Was a Priest of Vehumet.
             Demolished by a sun demon (20 damage)
             ... summoned by a kobold demonologist
             ... in a bailey.
             The game lasted 00:36:48 (3391 turns).

jagoly the Basher (Gargoyle Monk)                   Turns: 3391, Time: 00:36:49

Health: -16/59     AC: 24    Str: 16    XL:     9   Next: 68%
Magic:  9/9        EV: 12    Int: 14    God:    Vehumet [***...]
Gold:   264        SH:  0    Dex: 15    Spells: 6/8 levels left

rFire   + . .        v - +5 rapier of Yghidece {protect, rF+ Dex+3 Stlth+}
rCold   + . .        d - orb {light}
rNeg    + . .        t - +2 ring mail {Will+}
rPois   ∞            H - +1 helmet
rElec   +            (no cloak)
rCorr   .            (no gloves)
SInv    .            (no boots)
Will    +....        (no amulet)
Stlth   +            w - ring of protection from cold
HPRegen 0.29/turn    (no ring)
MPRegen 0.11/turn

%: no passive effects
@: under a protective aura, glowing
A: sickness immunity, AC +6, negative energy resistance 1, electricity
resistance, torment resistance 1, petrification resistance
a: Renounce Religion


You were in a bailey.
You worshipped Vehumet.
Vehumet was most pleased with you.
You visited 2 branches of the dungeon, and saw 8 of its levels.
You also visited: Bailey.

You collected 264 gold pieces.

Inventory:

Hand Weapons
 a - a +3 war axe
 o - a +0 trident
 v - the +5 rapier of Yghidece (weapon) {protect, rF+ Dex+3 Stlth+}
   (You found it on level 5 of the Dungeon)

   Dex+3:     It affects your dexterity (+3).
   rF+:       It protects you from fire.
   Stlth+:    It makes you more stealthy.
 D - a +0 war axe
 E - a -2 eveningstar of draining
Missiles
 j - 10 javelins
 k - 23 stones (quivered)
 s - 4 poisoned darts
 x - 14 boomerangs
Armour
 d - an orb of light (worn)
 t - a +2 ring mail of willpower (worn)
 G - a +0 kite shield
 H - a +1 helmet (worn)
Jewellery
 w - a ring of protection from cold (left hand)
Scrolls
 b - a scroll of vulnerability {unknown}
 f - 3 scrolls of fear {unknown}
 i - 3 scrolls of identify {unknown}
 l - a scroll of enchant weapon {unknown}
 m - a scroll of noise {unknown}
 r - 2 scrolls of teleportation {unknown}
 y - a scroll of enchant armour {unknown}
 I - a scroll of fog {unknown}
Potions
 c - a potion of ambrosia
 e - 3 potions of curing
 g - 2 potions of resistance {unknown}
 h - a potion of enlightenment {unknown}
 n - a potion of cancellation {unknown}
 p - 3 potions of heal wounds {unknown}
 u - a potion of might {unknown}
 z - a potion of mutation {unknown}
 A - a potion of attraction {unknown}
 B - a potion of magic {unknown}
 C - a potion of lignification {unknown}
 F - a potion of berserk rage {unknown}


   Skills:
 - Level 8.0 Fighting
 - Level 4.0(6.4) Axes
 * Level 8.6(9.1) Maces & Flails
 - Level 6.0 Armour
 - Level 3.0 Dodging
 - Level 2.0 Stealth


You had 6 spell levels left.
You knew the following spells:

 Your Spells              Type           Power      Damage    Failure   Level
s - Searing Ray           Conj           0%         2d4       19%         2

Your spell library contained the following spells:

 Spells                   Type           Power      Damage    Failure   Level
 Static Discharge         Conj/Air       0%         3-3/arc   19%         2


Dungeon Overview and Level Annotations

Branches:
Dungeon (7/15) Zot: 26817  Temple (1/1) D:6 Zot: 5939  Bailey (1/1) Zot: 5753

Altars:
Cheibriados
Fedhas
Gozag
Kikubaaqudgha
Makhleb
Nemelex Xobeh
Okawaru
Qazlal
Sif Muna
Trog
Uskayaw
Vehumet
Wu Jian
Xom
Yredelemnul
Zin
The Shining One

Shops:
D:2 =

Annotations:
D:6 Maggie


Innate Abilities, Weirdness & Mutations

You are immune to sickness and miasma.
Your stone body is resilient. (AC +6)
You are immune to poison.
You resist negative energy. (rN+)
You are resistant to electric shocks. (rElec)
You are resistant to unholy torment.
You are immune to petrification.


Message History

The orc warrior shouts!
You hear a shout!
A goblin comes into view. It is wielding a +0 hand axe.
A goblin comes into view. It is wielding a +0 hand axe.
A hobgoblin comes into view. It is wielding a +3 war axe.
The hobgoblin hits you but does no damage.
The goblin moves out of view.
The +5 rapier of Yghidece {protect, rF+ Dex+3 Stlth+} goes still.
You feel a sense of dread.
a - a +0 vampiric hand axe (weapon)
You hit the hobgoblin.
The hobgoblin is moderately wounded.
The hobgoblin hits you but does no damage.
You barely miss the hobgoblin.
The hobgoblin is moderately wounded.
The goblin shouts!
You hit the orc but do no damage. The orc hits you with a +0 hand axe.
The hobgoblin barely misses you.
You hit the hobgoblin.
You feel better.
The hobgoblin is almost dead.
You barely miss the orc. The orc completely misses you.
The hobgoblin hits you with a +0 hand axe.
You barely miss the hobgoblin.
The hobgoblin is almost dead.
You barely miss the orc. The orc hits you but does no damage.
The hobgoblin barely misses you.
You hit the hobgoblin.
You feel better.
You kill the hobgoblin!
Vehumet accepts your kill.
You hit the orc. The orc barely misses you.
You completely miss the orc. You hit the orc.
You feel better. The orc hits you but does no damage. x2
You hit the orc.
The orc is lightly wounded.
You hit the orc.
You feel better. The orc barely misses you.
The orc hits you but does no damage.
You hit the orc.
You feel better.
The orc is heavily wounded.
You hit the orc.
You feel better.
You kill the orc!
Vehumet accepts your kill. The orc hits you but does no damage.
You hit the orc.
You feel better.
The orc is heavily wounded.
You completely miss the orc warrior. The orc misses you.
The orc warrior barely misses you.
You hit the orc but do no damage.
The orc is heavily wounded.
You hit the orc warrior. The orc closely misses you.
The orc warrior barely misses you.
You slash the orc!
You feel better.
You kill the orc!
Vehumet accepts your kill.
You hit the orc warrior but do no damage.
The orc warrior hits you but does no damage.
You barely miss the goblin.
You hit the orc warrior but do no damage.
The orc warrior misses you. The goblin hits you but does no damage.
You slash the goblin!
You kill the goblin!
Vehumet accepts your kill.
You hit the orc warrior but do no damage.
The orc warrior completely misses you.
You slash the goblin!
You feel better.
You kill the goblin!
Vehumet accepts your kill.
You hit the orc warrior but do no damage.
The orc warrior hits you but does no damage.
You hit the hobgoblin but do no damage.
You hit the orc warrior but do no damage.
The hobgoblin completely misses you.
The orc warrior hits you but does no damage.
You hit the hobgoblin but do no damage. You barely miss the orc warrior.
The hobgoblin hits you with a +3 war axe.
The orc warrior hits you but does no damage.
You hit the hobgoblin.
You feel better.
The hobgoblin is moderately wounded.
You barely miss the orc warrior. The hobgoblin barely misses you.
The orc warrior hits you with a +0 war axe.
You barely miss the hobgoblin.
The hobgoblin is moderately wounded.
You hit the orc warrior but do no damage.
The hobgoblin closely misses you.
The orc warrior hits you but does no damage.
You hit the hobgoblin but do no damage.
The hobgoblin is moderately wounded.
You hit the orc warrior but do no damage.
The hobgoblin barely misses you. The orc warrior barely misses you.
You barely miss the hobgoblin.
The hobgoblin is moderately wounded.
You hit the orc warrior but do no damage.
The hobgoblin hits you but does no damage.
The orc warrior barely misses you.
You hit the hobgoblin.
You feel better.
The hobgoblin is almost dead.
You hit the orc warrior.
You feel better.
The hobgoblin hits you but does no damage.
The orc warrior hits you with a +0 war axe!
You hit the hobgoblin.
You feel better.
You kill the hobgoblin!
Vehumet accepts your kill.
You hit the orc warrior but do no damage.
The orc warrior hits you with a +0 war axe.
You feel the dreadful sensation subside.
You feel agile.
The +5 rapier of Yghidece {protect, rF+ Dex+3 Stlth+} hums with potential!
v - the +5 rapier of Yghidece (weapon)
{protect, rF+ Dex+3 Stlth+} The orc warrior hits you but does no damage.
You hit the orc warrior but do no damage.
Your weapon exudes an aura of protection.
The orc warrior is moderately wounded.
The orc warrior closely misses you.
You hit the orc warrior but do no damage.
The orc warrior is moderately wounded.
The orc warrior hits you but does no damage.
Press: ? - help, v - describe, . - travel, g - get item
Here: an orc warrior, wielding a +0 war axe and wearing a +0 plate armour (moderately wounded, haloed)
Items here: a +0 hand axe; a +0 leather armour; an orc corpse.
The floor.
You hit the orc warrior but do no damage.
The orc warrior is moderately wounded.
The orc warrior barely misses you.
You barely miss the orc warrior.
The orc warrior is moderately wounded.
The orc warrior barely misses you.
You hit the orc warrior but do no damage.
The orc warrior is moderately wounded.
The orc warrior hits you but does no damage. x2
You hit the orc warrior but do no damage.
The orc warrior is moderately wounded.
The orc warrior hits you with a +0 war axe.
You hit the orc warrior but do no damage.
The orc warrior is moderately wounded.
The orc warrior hits you but does no damage.
You hit the orc warrior.
The orc warrior is moderately wounded.
The orc warrior hits you but does no damage.
You hit the orc warrior.
The orc warrior is heavily wounded.
The orc warrior hits you with a +0 war axe!
You hit the orc warrior but do no damage.
The orc warrior is heavily wounded.
The orc warrior hits you with a +0 war axe!
* * * LOW HITPOINT WARNING * * *
The orc warrior hits you but does no damage.
You hit the orc warrior.
The orc warrior is heavily wounded.
The orc warrior hits you but does no damage.
You hit the orc warrior.
The orc warrior is severely wounded.
The orc warrior hits you but does no damage.
You hit the orc warrior.
The orc warrior is severely wounded.
The orc warrior hits you but does no damage.
You puncture the orc warrior!
You kill the orc warrior!
Vehumet accepts your kill.
Your Maces & Flails skill increases to level 8!
Items here: ))))) [[[[[ †.
Okay, then.
You drop a +0 vampiric hand axe.
a - a +3 war axe
Okay, then.
Items here: ))))) [[[[[ †.
There is an open door here.
Okay, then.
Okay, then.
Okay, then.
You open the door.
A hobgoblin and 2 orc warriors come into view.
The orc warrior shouts! x2; The hobgoblin shouts!
You hear a shout!
Aiming: Mindburst
Press: ? - help, Shift-Dir - straight line, f - orc warrior
Aim: an orc warrior, wielding a +0 war axe and wearing a +0 ring mail (haloed, chance to affect: 64%)
The orc warrior struggles to resist.
Aiming: Mindburst
Press: ? - help, Shift-Dir - straight line, f/p - orc warrior
Aim: an orc warrior, wielding a +0 war axe and wearing a +0 ring mail (haloed, chance to affect: 64%)
The orc warrior struggles to resist.
Aiming: Mindburst
Press: ? - help, Shift-Dir - straight line, f/p - orc warrior
Aim: an orc warrior, wielding a +0 war axe and wearing a +0 ring mail (haloed, chance to affect: 64%)
The orc warrior struggles to resist.
The orc warrior closely misses you. The orc warrior misses you.
Aiming: Mindburst
Press: ? - help, Shift-Dir - straight line, f/p - orc warrior
Aim: an orc warrior, wielding a +0 war axe and wearing a +0 ring mail (haloed, chance to affect: 64%)
The orc warrior's mind is blasted!
The now-empty wand crumbles to dust.
The orc warrior hits you with a +0 war axe.
* * * LOW HITPOINT WARNING * * *
The orc warrior hits you with a +0 war axe.
* * * LOW HITPOINT WARNING * * *
You aren't carrying any items that you can evoke.
Okay, then.
Okay, then.
Press: ? - help, v - describe, . - travel
Here: an orc warrior, wielding a +0 war axe and wearing a +0 ring mail (heavily wounded, haloed)
The floor.
Unknown command.
Hit: v) +5 rapier of Yghidece {protect, rF+ Dex+3 Stlth+}
Press: ? - help, Dir - move target, f/p - orc warrior
Aim: an orc warrior, wielding a +0 war axe and wearing a +0 ring mail (heavily wounded, haloed, about 22% to evade the +5 rapier of Yghidece)
You barely miss the orc warrior.
The orc warrior is heavily wounded.
The orc warrior barely misses you.
The orc warrior hits you with a +0 war axe.
* * * LOW HITPOINT WARNING * * *
Hit: v) +5 rapier of Yghidece {protect, rF+ Dex+3 Stlth+}
Press: ? - help, Dir - move target, f/p - orc warrior
Aim: an orc warrior, wielding a +0 war axe and wearing a +0 ring mail (heavily wounded, haloed, about 22% to evade the +5 rapier of Yghidece)
You hit the orc warrior.
Your weapon exudes an aura of protection.
The orc warrior is severely wounded.
The orc warrior hits you but does no damage.
The orc warrior barely misses you.
Hit: v) +5 rapier of Yghidece {protect, rF+ Dex+3 Stlth+}
Press: ? - help, Dir - move target, f/p - orc warrior
Aim: an orc warrior, wielding a +0 war axe and wearing a +0 ring mail (severely wounded, haloed, about 22% to evade the +5 rapier of Yghidece)
You closely miss the orc warrior.
The orc warrior is severely wounded.
The orc warrior barely misses you. x2
Hit: v) +5 rapier of Yghidece {protect, rF+ Dex+3 Stlth+}
Press: ? - help, Dir - move target, f/p - orc warrior
Aim: an orc warrior, wielding a +0 war axe and wearing a +0 ring mail (severely wounded, haloed, about 22% to evade the +5 rapier of Yghidece)
You hit the orc warrior.
The orc warrior is almost dead.
The orc warrior hits you but does no damage.
The orc warrior barely misses you.
Hit: v) +5 rapier of Yghidece {protect, rF+ Dex+3 Stlth+}
Press: ? - help, Dir - move target, f/p - orc warrior
Aim: an orc warrior, wielding a +0 war axe and wearing a +0 ring mail (almost dead, haloed, about 22% to evade the +5 rapier of Yghidece)
You hit the orc warrior.
The orc warrior is almost dead.
The orc warrior hits you with a +0 war axe.
* * * LOW HITPOINT WARNING * * *
The orc warrior barely misses you.
The orc warrior hits you with a +0 war axe.
* * * LOW HITPOINT WARNING * * *
The orc warrior barely misses you.
Hit: v) +5 rapier of Yghidece {protect, rF+ Dex+3 Stlth+}
Press: ? - help, Dir - move target, f/p - orc warrior
Aim: an orc warrior, wielding a +0 war axe and wearing a +0 ring mail (almost dead, haloed, about 22% to evade the +5 rapier of Yghidece)
You barely miss the orc warrior.
The orc warrior is almost dead.
The orc warrior hits you with a +0 war axe!
* * * LOW HITPOINT WARNING * * *
The orc warrior hits you with a +0 war axe.
* * * LOW HITPOINT WARNING * * *
Hit: v) +5 rapier of Yghidece {protect, rF+ Dex+3 Stlth+}
Press: ? - help, Dir - move target, f/p - orc warrior
Aim: an orc warrior, wielding a +0 war axe and wearing a +0 ring mail (almost dead, haloed, about 22% to evade the +5 rapier of Yghidece)
You closely miss the orc warrior.
The orc warrior is almost dead.
The orc warrior misses you.
The orc warrior hits you but does no damage.
Hit: v) +5 rapier of Yghidece {protect, rF+ Dex+3 Stlth+}
Press: ? - help, Dir - move target, f/p - orc warrior
Aim: an orc warrior, wielding a +0 war axe and wearing a +0 ring mail (almost dead, haloed, about 22% to evade the +5 rapier of Yghidece)
You barely miss the orc warrior.
The orc warrior is almost dead.
The orc warrior completely misses you.
The orc warrior hits you but does no damage.
Hit: v) +5 rapier of Yghidece {protect, rF+ Dex+3 Stlth+}
Press: ? - help, Dir - move target, f/p - orc warrior
Aim: an orc warrior, wielding a +0 war axe and wearing a +0 ring mail (almost dead, haloed, about 22% to evade the +5 rapier of Yghidece)
You puncture the orc warrior!
You kill the orc warrior!
Vehumet accepts your kill. The orc warrior misses you.
Hit: v) +5 rapier of Yghidece {protect, rF+ Dex+3 Stlth+}
Press: ? - help, Dir - move target, f - orc warrior
Aim: an orc warrior, wielding a +0 war axe and wearing a +0 chain mail (haloed, about 19% to evade the +5 rapier of Yghidece)
You hit the orc warrior but do no damage.
The orc warrior suddenly roars.
The orc warrior hits you with a +0 war axe.
* * * LOW HITPOINT WARNING * * *
The orc warrior hits you but does no damage.
Hit: v) +5 rapier of Yghidece {protect, rF+ Dex+3 Stlth+}
Press: ? - help, Dir - move target, f/p - orc warrior
Aim: an orc warrior, wielding a +0 war axe and wearing a +0 chain mail (haloed, about 19% to evade the +5 rapier of Yghidece)
You hit the orc warrior.
The orc warrior is lightly wounded.
The orc warrior hits you with a +0 war axe.
* * * LOW HITPOINT WARNING * * *
Hit: v) +5 rapier of Yghidece {protect, rF+ Dex+3 Stlth+}
Press: ? - help, Dir - move target, f/p - orc warrior
Aim: an orc warrior, wielding a +0 war axe and wearing a +0 chain mail (lightly wounded, haloed, about 19% to evade the +5 rapier of Yghidece)
You hit the orc warrior but do no damage.
The orc warrior is lightly wounded.
The orc warrior hits you with a +0 war axe.
* * * LOW HITPOINT WARNING * * *
It was a potion of curing.
You feel better.
The orc warrior hits you with a +0 war axe.
* * * LOW HITPOINT WARNING * * *
Hit: v) +5 rapier of Yghidece {protect, rF+ Dex+3 Stlth+}
Press: ? - help, Dir - move target, f/p - orc warrior
Aim: an orc warrior, wielding a +0 war axe and wearing a +0 chain mail (lightly wounded, haloed, about 19% to evade the +5 rapier of Yghidece)
You puncture the orc warrior!
The orc warrior is moderately wounded.
The orc warrior hits you but does no damage.
Hit: v) +5 rapier of Yghidece {protect, rF+ Dex+3 Stlth+}
Press: ? - help, Dir - move target, f/p - orc warrior
Aim: an orc warrior, wielding a +0 war axe and wearing a +0 chain mail (moderately wounded, haloed, about 19% to evade the +5 rapier of Yghidece)
You hit the orc warrior.
The orc warrior is heavily wounded.
The orc warrior hits you but does no damage.
Hit: v) +5 rapier of Yghidece {protect, rF+ Dex+3 Stlth+}
Press: ? - help, Dir - move target, f/p - orc warrior
Aim: an orc warrior, wielding a +0 war axe and wearing a +0 chain mail (heavily wounded, haloed, about 19% to evade the +5 rapier of Yghidece)
You hit the orc warrior but do no damage.
The orc warrior is heavily wounded.
The orc warrior hits you but does no damage.
The orc warrior closely misses you.
Hit: v) +5 rapier of Yghidece {protect, rF+ Dex+3 Stlth+}
Press: ? - help, Dir - move target, f/p - orc warrior
Aim: an orc warrior, wielding a +0 war axe and wearing a +0 chain mail (heavily wounded, haloed, about 19% to evade the +5 rapier of Yghidece)
You barely miss the orc warrior.
The orc warrior is heavily wounded.
The orc warrior barely misses you.
Hit: v) +5 rapier of Yghidece {protect, rF+ Dex+3 Stlth+}
Press: ? - help, Dir - move target, f/p - orc warrior
Aim: an orc warrior, wielding a +0 war axe and wearing a +0 chain mail (heavily wounded, haloed, about 19% to evade the +5 rapier of Yghidece)
You hit the orc warrior.
The orc warrior is heavily wounded.
The orc warrior hits you with a +0 war axe.
* * * LOW HITPOINT WARNING * * *
Hit: v) +5 rapier of Yghidece {protect, rF+ Dex+3 Stlth+}
Press: ? - help, Dir - move target, f/p - orc warrior
Aim: an orc warrior, wielding a +0 war axe and wearing a +0 chain mail (heavily wounded, haloed, about 19% to evade the +5 rapier of Yghidece)
You hit the orc warrior.
The orc warrior is heavily wounded.
The orc warrior barely misses you.
Hit: v) +5 rapier of Yghidece {protect, rF+ Dex+3 Stlth+}
Press: ? - help, Dir - move target, f/p - orc warrior
Aim: an orc warrior, wielding a +0 war axe and wearing a +0 chain mail (heavily wounded, haloed, about 19% to evade the +5 rapier of Yghidece)
You hit the orc warrior.
The orc warrior is severely wounded.
The orc warrior misses you.
Hit: v) +5 rapier of Yghidece {protect, rF+ Dex+3 Stlth+}
Press: ? - help, Dir - move target, f/p - orc warrior
Aim: an orc warrior, wielding a +0 war axe and wearing a +0 chain mail (severely wounded, haloed, about 19% to evade the +5 rapier of Yghidece)
You hit the orc warrior.
The orc warrior is almost dead.
The orc warrior hits you but does no damage.
The orc warrior complains to no one in particular.
The orc warrior hits you with a +0 war axe.
* * * LOW HITPOINT WARNING * * *
You feel better.
The orc warrior hits you but does no damage.
Hit: v) +5 rapier of Yghidece {protect, rF+ Dex+3 Stlth+}
Press: ? - help, Dir - move target, f/p - orc warrior
Aim: an orc warrior, wielding a +0 war axe and wearing a +0 chain mail (almost dead, haloed, about 19% to evade the +5 rapier of Yghidece)
You puncture the orc warrior!
You kill the orc warrior!
Vehumet accepts your kill.
Hit: v) +5 rapier of Yghidece {protect, rF+ Dex+3 Stlth+}
Press: ? - help, Dir - move target, f - hobgoblin
Aim: a hobgoblin, wielding a +0 war axe and wearing a +0 leather armour (haloed, about 17% to evade the +5 rapier of Yghidece)
You puncture the hobgoblin!
You kill the hobgoblin!
Vehumet accepts your kill.
You close the door, pushing everything out of the way.
Things that are here:
a +0 chain mail; a +0 war axe
Okay, then.
Things that are here:
a +0 war axe; a +0 ring mail
Things that are here:
a +0 chain mail; a +0 war axe You swing at nothing.
You swing at nothing.
You swing at nothing.
You swing at nothing.
You swing at nothing.
You swing at nothing.
You swing at nothing.
You swing at nothing.
You swing at nothing.
You swing at nothing.
You swing at nothing.
You swing at nothing.
You swing at nothing.
You swing at nothing.
You swing at nothing.
You swing at nothing.
You swing at nothing.
You swing at nothing.
You swing at nothing.
You swing at nothing.
Things that are here:
a +0 war axe; a +0 ring mail There's something in the way.
You swing at nothing.
You swing at nothing.
You swing at nothing.
You swing at nothing.
You swing at nothing.
You swing at nothing.
You swing at nothing.
You swing at nothing.
You swing at nothing.
You swing at nothing.
You swing at nothing.
You swing at nothing.
You swing at nothing.
You swing at nothing.
You swing at nothing.
You swing at nothing.
You swing at nothing.
You swing at nothing.
You swing at nothing.
You swing at nothing.
You swing at nothing.
A kobold demonologist opens the door.
You swing at nothing.
You swing at nothing.
Hit: v) +5 rapier of Yghidece {protect, rF+ Dex+3 Stlth+}
Press: ? - help, Dir - move target, f - kobold demonologist
Aim: a kobold demonologist, wielding a +0 war axe and wearing a +0 ring mail (wandering, hasn't noticed you, haloed, about 22% to evade the +5 rapier of Yghidece)
The kobold demonologist shouts!
You hit the kobold demonologist.
Your weapon exudes an aura of protection.
The kobold demonologist is lightly wounded.
The kobold demonologist casts a spell.
Hit: v) +5 rapier of Yghidece {protect, rF+ Dex+3 Stlth+}
Press: ? - help, Dir - move target, f/p - kobold demonologist
Aim: a kobold demonologist, wielding a +0 war axe and wearing a +0 ring mail (lightly wounded, haloed, about 22% to evade the +5 rapier of Yghidece)
You hit the kobold demonologist.
The kobold demonologist is lightly wounded.
The kobold demonologist looks encouraged for a moment.
Hit: v) +5 rapier of Yghidece {protect, rF+ Dex+3 Stlth+}
Press: ? - help, Dir - move target, f/p - kobold demonologist
Aim: a kobold demonologist, wielding a +0 war axe and wearing a +0 ring mail (lightly wounded, haloed, about 22% to evade the +5 rapier of Yghidece)
You barely miss the kobold demonologist.
The kobold demonologist is lightly wounded.
The kobold demonologist casts a cantrip, but nothing happens.
Hit: v) +5 rapier of Yghidece {protect, rF+ Dex+3 Stlth+}
Press: ? - help, Dir - move target, f/p - kobold demonologist
Aim: a kobold demonologist, wielding a +0 war axe and wearing a +0 ring mail (lightly wounded, haloed, about 22% to evade the +5 rapier of Yghidece)
You barely miss the kobold demonologist.
The kobold demonologist is lightly wounded.
The kobold demonologist closely misses you.
The kobold demonologist casts a spell.
Hit: v) +5 rapier of Yghidece {protect, rF+ Dex+3 Stlth+}
Press: ? - help, Dir - move target, f/p - kobold demonologist
Aim: a kobold demonologist, wielding a +0 war axe and wearing a +0 ring mail (lightly wounded, haloed, about 22% to evade the +5 rapier of Yghidece)
You hit the kobold demonologist.
The kobold demonologist is lightly wounded.
The kobold demonologist mumbles some strange words.
Hit: v) +5 rapier of Yghidece {protect, rF+ Dex+3 Stlth+}
Press: ? - help, Dir - move target, f/p - kobold demonologist
Aim: a kobold demonologist, wielding a +0 war axe and wearing a +0 ring mail (lightly wounded, haloed, about 22% to evade the +5 rapier of Yghidece)
You closely miss the kobold demonologist.
The kobold demonologist is lightly wounded.
The kobold demonologist mumbles some strange words.
You aren't carrying any items that you can evoke.
Unknown command.
Hit: v) +5 rapier of Yghidece {protect, rF+ Dex+3 Stlth+}
Press: ? - help, Dir - move target, f/p - kobold demonologist
Aim: a kobold demonologist, wielding a +0 war axe and wearing a +0 ring mail (lightly wounded, haloed, about 22% to evade the +5 rapier of Yghidece)
You hit the kobold demonologist.
The kobold demonologist is moderately wounded.
The kobold demonologist closely misses you.
The sun demon closely misses you.
Hit: v) +5 rapier of Yghidece {protect, rF+ Dex+3 Stlth+}
Press: ? - help, Dir - move target, f/p - kobold demonologist
Aim: a kobold demonologist, wielding a +0 war axe and wearing a +0 ring mail (moderately wounded, haloed, about 22% to evade the +5 rapier of Yghidece)
You hit the kobold demonologist but do no damage.
The kobold demonologist is moderately wounded.
The sun demon completely misses you.
The kobold demonologist begins to cast a cantrip, but forgets the words!
Hit: v) +5 rapier of Yghidece {protect, rF+ Dex+3 Stlth+}
Press: ? - help, Dir - move target, f/p - kobold demonologist
Aim: a kobold demonologist, wielding a +0 war axe and wearing a +0 ring mail (moderately wounded, haloed, about 22% to evade the +5 rapier of Yghidece)
You hit the kobold demonologist but do no damage.
The kobold demonologist is moderately wounded.
The sun demon hits you but does no damage.
The kobold demonologist hits you with a +0 war axe.
* * * LOW HITPOINT WARNING * * *
The sun demon hits you!
* * * LOW HITPOINT WARNING * * *
You are engulfed in flames.
You resist.
* * * LOW HITPOINT WARNING * * *
The kobold demonologist closely misses you.
Okay, then.
Hit: v) +5 rapier of Yghidece {protect, rF+ Dex+3 Stlth+}
Press: ? - help, Dir - move target, f/p - kobold demonologist
Aim: a kobold demonologist, wielding a +0 war axe and wearing a +0 ring mail (moderately wounded, haloed, about 22% to evade the +5 rapier of Yghidece)
You completely miss the kobold demonologist.
The kobold demonologist is moderately wounded.
The sun demon hits you but does no damage.
The kobold demonologist hits you with a +0 war axe.
* * * LOW HITPOINT WARNING * * *
Hit: v) +5 rapier of Yghidece {protect, rF+ Dex+3 Stlth+}
Press: ? - help, Dir - move target, f/p - kobold demonologist
Aim: a kobold demonologist, wielding a +0 war axe and wearing a +0 ring mail (moderately wounded, haloed, about 22% to evade the +5 rapier of Yghidece)
You barely miss the kobold demonologist.
The kobold demonologist is moderately wounded.
The sun demon barely misses you.
The kobold demonologist closely misses you.
The sun demon hits you!!
You die...

#.....' #..⌠..'
#.....' #.....#
#####''# #......#
#......# #.##
###########...####
#...3#@....')8.8.8.#
#..54K[3...#)......#
#+#.5###############
#.5' ##


You could see a sun demon (summoned), an ice devil (summoned), a kobold
demonologist, an iron imp (summoned), a shadow imp (summoned) and an ufetubus
(summoned).

Vanquished Creatures
  Duvessa (D:5)
  5 orc warriors (Bailey)
  2 black bears (D:5)
  3 ogres
  A centaur (D:4)
  3 lemures (D:6)
  A kobold brigand (D:7)
  7 scorpions
  A gnoll sergeant (D:5)
  Dowan (D:5)
  6 killer bees (D:7)
  A howler monkey (D:5)
  An electric eel (Bailey)
  2 bombardier beetles
  3 hounds (D:6)
  2 orc priests
  A jelly (D:6)
  Terence (D:2)
  2 iguanas
  5 orc wizards
  6 gnolls
  6 adders
  A shadow imp (D:7)
  4 white imps
  An ufetubus (D:6)
  9 ribbon worms
  28 orcs
  11 bats
  An endoplasm (D:1)
  10 goblins
  10 hobgoblins
  6 jackals
  2 quokkas
  7 ball pythons
  3 frilled lizards
  7 kobolds
  3 rats
164 creatures vanquished.

Notes
Turn   | Place    | Note
-------+----------+-------------------------------------------
     0 | D:1      | jagoly the Gargoyle Monk began the quest for the Orb.
     0 | D:1      | Reached XP level 1. HP: 14/14 MP: 1/1
    75 | D:1      | Found a faded altar of an unknown god.
   212 | D:1      | Reached XP level 2. HP: 17/19 MP: 2/2
   410 | D:2      | Found Nefid's Jewellery Emporium.
   417 | D:2      | Reached skill level 1 in Stealth
   431 | D:2      | Reached XP level 3. HP: 21/23 MP: 3/3
   529 | D:2      | Reached skill level 1 in Armour
   584 | D:2      | Noticed Terence
   613 | D:2      | Killed Terence
   614 | D:2      | Reached XP level 4. HP: 11/29 MP: 4/4
   883 | D:3      | Found a snail-covered altar of Cheibriados.
   883 | D:3      | Found a shimmering blue altar of Sif Muna.
   936 | D:5      | Entered Level 5 of the Dungeon
   945 | D:5      | Noticed a black bear
   946 | D:5      | Identified the +5 rapier of Yghidece {protect, rF+ Dex+3
                  | Stlth+}
   954 | D:5      | Killed a black bear
   955 | D:5      | Reached XP level 5. HP: 28/34 MP: 5/5
   975 | D:5      | Reached XP level 6. HP: 19/39 MP: 6/6
  1002 | D:5      | Reached skill level 5 in Fighting
  1207 | D:4      | Reached XP level 7. HP: 43/45 MP: 7/7
  1481 | D:4      | Reached skill level 5 in Armour
  1783 | D:4      | Reached XP level 8. HP: 49/52 MP: 8/8
  2037 | D:5      | Reached skill level 1 in Maces & Flails
  2059 | D:5      | Noticed Duvessa
  2072 | D:5      | Killed Duvessa
  2081 | D:5      | Noticed Dowan
  2096 | D:5      | Killed Dowan
  2143 | D:6      | Noticed Maggie
  2405 | D:5      | Found a sparkling altar of Nemelex Xobeh.
  2629 | D:6      | Found a staircase to the Ecumenical Temple.
  2641 | Temple   | Entered the Ecumenical Temple
  2671 | Temple   | Became a worshipper of Vehumet
  2671 | Temple   | Reached * piety under Vehumet
  2671 | Temple   | Offered knowledge of Shock by Vehumet.
  2671 | Temple   | Reached ** piety under Vehumet
  2777 | D:6      | Reached skill level 5 in Maces & Flails
  2909 | D:6      | Offered knowledge of Searing Ray by Vehumet.
  2910 | D:6      | Reached XP level 9. HP: 59/59 MP: 9/9
  2918 | D:6      | Learned a level 2 spell: Searing Ray
  3133 | D:7      | Found a flagged portal.
  3141 | D:7      | Offered knowledge of Static Discharge by Vehumet.
  3164 | Bailey   | Entered a bailey
  3237 | Bailey   | Reached *** piety under Vehumet
  3379 | Bailey   | Noticed a kobold demonologist
  3382 | Bailey   | Noticed an ice devil
  3387 | Bailey   | Noticed a sun demon
  3391 | Bailey   | Demolished by a sun demon

Illustrated notes

Levels and vault maps discovered:
D:1:      lightli_arrival_windingriver, layout_basic,
          shapermc_ecumenical_altar_ellora, supply_closet_lemuel
D:2:      layout_loops_ring, serial_shops, shop, uniq_terence
D:3:      layout_rooms, gammafunk_temple_overflow_elements,
          nzn_hepliaklqana_mist_gate
D:4:      old_forge, layout_loops_corners
D:5:      layout_basic, nemelex_diamond_rough_becter, serial_bayou,
          serial_bayou_lagoon_a, serial_bayou_shore_a, serial_bayou_pond_c,
          serial_bayou_lagoon_b, minivault_26, nicolae_wormholes, uniq_duvessa
D:6:      wad_pebble_path, layout_gridville, minmay_temple_entry_hall,
          uniq_pikel, uniq_maggie
D:7:      lemuel_castle_with_subvaults [lemuel_castle_interior_carwin_3],
          layout_basic, mainiacjoe_overflow_alcove_2, enter_bailey_5
Temple:   compressed_dpeg_circular_temple
Bailey:   bailey_axe_of_yendor_kennysheep, bailey

Skill      XL: |  1  2  3  4  5  6  7  8  9 |
---------------+----------------------------+-----
Axes           | 3 4 |  4.0
Stealth        | 1 2 |  2.0
Armour         | 1 2 3 4 5 6 |  6.0
Fighting       | 4 5 6 8 |  8.0
Dodging        | 3 |  3.0
Maces & Flails | 5 8 |  8.6

Action                     |  1- 3 |  4- 6 |  7- 9 || total
---------------------------+-------+-------+-------++-------
  Melee: Hand axe          |    85 |    54 |    39 ||   178
         Rapier            |       |    60 |   435 ||   495
         Eveningstar       |       |       |     7 ||     7
  Throw: Dart              |       |     4 |     1 ||     5
         Stone             |       |     1 |     7 ||     8
         Boomerang         |       |       |     1 ||     1
  Evoke: Wand              |       |     2 |    10 ||    12
    Use: Potion            |       |       |     2 ||     2
 Armour: Robe              |    40 |       |       ||    40
         Scale mail        |    26 |       |       ||    26
         Chain mail        |       |    42 |       ||    42
         Ring mail         |       |    59 |   405 ||   464
  Dodge: Dodged            |    61 |    68 |   356 ||   485
